[Event "*** SCC Grand Prix: Titled Tuesday Blitz"]
[Site "Chess.com"]
[Date "2020.10.13"]
[Round "10"]
[White "TrimitziosP7"]
[Black "chessplayer9919"]
[Result "1/2-1/2"]
[WhiteElo "2814"]
[BlackElo "2610"]
[TimeControl "180+1"]
[EndTime "11:58:54 PDT"]
[Termination "Game drawn - insufficient material"]

1. Nf3 Nf6 2. b3 d6 3. d4 g6 4.
Bb2 Bg7 5. g3 O-O 6. Bg2 c5 7.
c4 Ne4 8. O-O Nc6 9. e3 a6 10. Qe2 Rb8 11. d5 Bxb2 12. Qxb2 Na7 13. Nfd2 Nxd2 14. Nxd2 b5 15. Qc2 Qa5 16. e4 bxc4 17.
bxc4 Bd7 18. Rfb1 Qa3 19. Rxb8 Rxb8 20. Rb1 Rb4 21. Rb3 Qa5 22. Qc3 Qb6 23. a3 Rxb3 24. Qxb3 Qxb3 25. Nxb3 Nc8 26. Bf1 Nb6 27. Na5 Kf8 28.
f4 Ba4 29. Kf2 f6 30. Ke3 Bc2 31. Bd3 Ba4 32. Kd2 Ke8 33. Bc2 Bd7 34. Kc3 Kd8 35. Nb3 Na4+ 36. Kd2 Nb2 37. Bd3 Bh3 38. Be2 Bd7 39.
Nc1 Kc7 40. Kc3 Na4+ 41. Kc2 Nb6 42. Bd3 Ba4+ 43. Kd2 Bd7 44. Kc3 Na4+ 45. Kb3 Nb6 46. Bb1 Bg4 47. Bd3 Bd1+ 48. Kc3 Bg4 49. Bf1 Bd7 50.
Nd3 Na4+ 51. Kd2 Nb6 52. Nb2 Be8 53. h3 Bd7 54. Nd1 Na4 55. Nf2 Nb6 56. Ke3 Ba4 57. Kd3 Nxc4 58. Kxc4 Bb5+ 59. Kc3 Bxf1 60. h4 Kb6 61.
Ng4 Kb5 62. e5 dxe5 63. fxe5 fxe5 64. Nxe5 Bg2 65. Nc6 Bxd5 66. Nxe7 Be6 67. g4 Bxg4 68. Nd5 Bf5 69. Nc7+ Ka5 70. Ne8 Ka4 71. Kb2 c4 72. Nd6 c3+ 73. Kxc3 Kxa3 74. Nc4+ Ka4 75. Nd6 a5 76.
Kb2 Kb4 77. Ne8 a4 78. Nf6 a3+ 79. Ka1 Kc5 80. Nxh7 Be6 81. Nf8 Bf7 82. Nh7 Kb4 83. Ng5 Bg8 84. Ne4 Kc4 85. Nf6 Bf7 86. Nd7 Kd5 87.
Nf8 Ke5 88. Nh7 Kf4 89. Ng5 Bg8 90. Nh3+ Kg4 91. Nf2+ Kxh4 92. Ne4 Kg4 93. Nf6+ Kf5 94.
Nxg8 g5 95. Nh6+ Kg6 96. Ng4 Kf5 97. Ne3+ Kf4 98. Nd5+ Ke4 99. Nf6+ Kf5 100. Nh5 g4 101. Ka2 Kg5 102. Ng3 Kf4 103. Nh5+ Kg5 104. Ng3 Kh4 105. Nf5+ Kh3 106. Kxa3 Kg2 107. Kb2 Kf3 108. Kc3 Kf4 109. Nh4 g3 110. Ng2+ Kf3 111. Nh4+ Kg4 112. Ng2 Kf3 113. Nh4+ Kf2 114. Kd3 Kg1 115. Ke3 Kh2 116. Kf3 Kh3 117. Ng2 Kh2 118. Ne3 g2 119. Nxg2 1/2-1/2

[Event "*** SCC Grand Prix: Titled Tuesday Blitz"]
[Site "Chess.com"]
[Date "2020.10.13"]
[Round "10"]
[White "DenLaz"]
[Black "davidkalashian"]
[Result "1/2-1/2"]
[WhiteElo "2789"]
[BlackElo "2590"]
[TimeControl "180+1"]
[EndTime "11:58:58 PDT"]
[Termination "Game drawn - insufficient material"]

1. e4 c6 2. d3 g6 3. Nf3 Bg7 4. g3 d6 5. Nbd2 Nf6 6. Bg2 O-O 7. O-O Nbd7 8. c3 Qc7 9. a4 Nc5 10. Qc2 b6 11. b4 Ncd7 12. Re1 a5 13. Bb2 Ba6 14.
Nc4 Rad8 15. Nfd2 d5 16. Na3 e5 17. b5 cxb5 18. Nxb5 Bxb5 19. axb5 dxe4 20. Nxe4 Nxe4 21. Bxe4 Nc5 22. c4 Nxe4 23. dxe4 Rc8 24. Rac1 Bh6 25. Rcd1 Qxc4 26. Qxc4 Rxc4 27. Bxe5 Re8 28. f4 Bg7 29. Bxg7 Kxg7 30. e5 Rb4 31. Rd7 Rxb5 32. e6 Rf5 33. e7 f6 34. Kg2 Kf7 35. Rb7 b5 36. Kf3 Rc5 37. g4 a4 38. Re3 Rd5 39. h4 h5 40. g5 f5 41. Kg3 Rc5 42. Kf3 Rd5 43. Rb6 Rxe7 44. Rf6+ Ke8 45. Rc3 b4 46. Rc8+ Kd7 47. Rff8 Rd3+ 48. Kf2 Rb3 49. Rfd8+ Ke6 50. Rc6+ Kf7 51. Rf6+ Kg7 52. Rdd6 Rb2+ 53. Kf3 Rb3+ 54. Kf2 Ree3 55. Rxg6+ Kf7 56. Rdf6+ Ke7 57. Rg7+ Ke8 58. Rd6 Rec3 59. Rd2 Rf3+ 60. Kg2 Rxf4 61. g6 Rg4+ 62. Kf2 Rf4+ 63. Kg2 Rxh4 64. Re2+ Kd8 65. Rg8+ Kd7 66. g7 Rg4+ 67. Kf2 Rbg3 68. Rd2+ Ke7 69. Rb8 Rxg7 70. Re2+ Kf6 71. Rb6+ Kf7 72. Rb7+ Kg8 73. Re8+ Kh7 74. Rxb4 Rg2+ 75. Kf3 R2g3+ 76. Kf2 R3g4 77. Rbb8 Rf7 78.
Rh8+ Kg6 79. Rbg8+ Kf6 80. Ra8 Kg5 81. Rhg8+ Kh4 82. Rgd8 Rc7 83. Rd1 Rc2+ 84. Kf3 Rc3+ 85. Kf2 Rb4 86. Rh1+ Kg5 87. Rg1+ Kf6 88. Ra6+ Ke5 89.
Re1+ Re4 90. Ra1 Kf4 91. R1xa4 Rxa4 92. Rxa4+ Kg5 93. Rb4 Rc5 94. Ra4 Re5 95. Kg2 Re4 96. Ra5 h4 97. Ra3 Kg4 98. Ra8 Re2+ 99. Kf1 Rb2 100.
Ra3 f4 101. Kg1 h3 102. Ra8 Rb1+ 103. Kh2 Rb2+ 104. Kg1 Kg3 105. Rg8+ Kf3 106. Rh8 Rb1+ 107. Kh2 Kf2 108. Ra8 f3 109. Ra2+ Ke3 110. Ra3+ Ke4 111. Ra4+ Kd5 112. Ra5+ Kd4 113. Ra2 Re1 114. Kg3 Re2 115. Ra4+ Ke3 116. Ra3+ Ke4 117. Ra4+ Ke3 118. Ra3+ Kd2 119. Ra2+ Ke1 120. Ra1+ Kd2 121. Ra2+ Kd1 122. Ra1+ Kc2 123. Kxf3 Rd2 124. Rh1 h2 125. Kg3 Rd1 126. Rxh2+ Rd2 127. Rxd2+ Kxd2 1/2-1/2